 Dungeon Crawl Stone Soup version 0.31.0-11-ge490571c62 (webtiles) character file.

Game seed: 18389151999390918908

104 olmar the Apothecary (level 4, -3/37 HPs)
             Began as a Naga Alchemist on Feb 10, 2024.
             Slain by a hobgoblin
             ... wielding the +10 spear of Zin, Flying {flame, Stlth+}
              (7 damage)
             ... on level 3 of the Dungeon.
             The game lasted 00:04:23 (2233 turns).

olmar the Apothecary (Naga Alchemist)               Turns: 2233, Time: 00:04:24

Health: -3/37      AC:  2    Str: 10    XL:     4   Next: 80%
Magic:  0/8        EV: 10    Int: 18    God:
Gold:   164        SH:  0    Dex: 11    Spells: 4/8 levels left

rFire   . . .        (no weapon)
rCold   . . .        (no shield)
rNeg    . . .        a - +0 robe
rPois   +            (no helmet)
rElec   .            (no cloak)
rCorr   .            (no gloves)
SInv    +            (no barding)
Will    .....        (no amulet)
Stlth   ++           (no ring)
HPRegen 0.26/turn    (no ring)
MPRegen 0.11/turn

%: no passive effects
@: short of breath, very slow
A: AC +1, large, see invisible, deformed body, poison resistance, slowness 2,
spit poison 1, naga tail 1
a: Spit Poison


You were on level 3 of the Dungeon.
You visited 1 branch of the dungeon, and saw 3 of its levels.

You collected 164 gold pieces.

Inventory:

Armour
 a - a +0 robe (worn)
Jewellery
 c - a ring of protection from fire
Scrolls
 e - a scroll of fog {unknown}
 f - a scroll of identify
 i - a scroll of torment {unknown}
 j - a scroll of teleportation
 k - a scroll of amnesia {unknown}
 m - a scroll of fear {unknown}
Potions
 b - a potion of magic
 d - 2 potions of lignification
 g - a potion of might {unknown}
 h - a potion of resistance {unknown}
 l - a potion of degeneration {unknown}


   Skills:
 + Level 0.5 Fighting
 + Level 1.9 Dodging
 + Level 3.6 Stealth
 + Level 2.9 Spellcasting
 + Level 1.7 Conjurations
 + Level 4.8 Alchemy


You had 4 spell levels left.
You knew the following spells:

 Your Spells              Type           Power      Damage    Failure   Level
a - Sting                 Conj/Alch      56%        1d6       4%          1
b - Mephitic Cloud        Conj/Alch/Air  10%        N/A       21%         3

Your spell library contained the following spells:

 Spells                   Type           Power      Damage    Failure   Level
 Mercury Vapours          Alch/Air       22%        N/A       10%         2
 Olgreb's Toxic Radiance  Alch           19%        N/A       22%         4
 Sticky Flame             Fire/Alch      11%        2d5       52%         4


Dungeon Overview and Level Annotations

Branches:
Dungeon (3/15)

Altars:

Shops:
D:2 (


Innate Abilities, Weirdness & Mutations

Your serpentine skin is tough. (AC +1)
You have supernaturally acute eyesight. (SInv)
Armour fits poorly on your strangely shaped body.
Your system is resistant to poisons. (rPois)
You cover ground very slowly.
You can spit poison.
You have a snake-like lower body.


Message History

Unknown command.
You start resting.
You have got your breath back.
You start resting.
A ball python comes into view.
A ball python is nearby!
A ball python is nearby!
A hobgoblin comes into view.
It is wielding the +10 spear of Zin, Flying {flame, Stlth+}.
The hobgoblin shouts!
The hobgoblin moves out of view.
Things that are here:
a +0 dagger; an orc corpse You can't see any susceptible monsters within range! (Use Z to cast anyway.)
You can't see any susceptible monsters within range! (Use Z to cast anyway.) Unknown command.
A hobgoblin is nearby!
A hobgoblin is nearby!
You start resting.
A hobgoblin is nearby!
The sting hits the hobgoblin but does no damage.
The hobgoblin is poisoned.
You hear an angry hiss.
The sting misses the hobgoblin.
The hobgoblin misses you.
Aiming: Spit Poison (1% risk of failure)
Press: ? - help, Shift-Dir - straight line, f - ball python, p - hobgoblin
Aim: a ball python (54% to hit)
The splash of poison hits the hobgoblin but does no damage.
The hobgoblin looks even sicker.
The hobgoblin hits you from afar with the +10 spear of Zin, Flying {flame, Stlth+}!
The hobgoblin burns you.
Aiming: Sting (safe; 4% risk of failure)
Press: ? - help, Q - select action, (/) - cycle Shift-Dir - straight line, f/p - ball python
Aim: a ball python (68% to hit)
The sting misses the hobgoblin.
The sting hits the ball python.
The ball python is poisoned.
The ball python is heavily wounded.
The hobgoblin hits you from afar with the +10 spear of Zin, Flying {flame, Stlth+}!
* * * LOW HITPOINT WARNING * * *
The hobgoblin burns you!
You die...

... #.....# ...
#.....# # ...g..
#...>.# #.###
....######### ...†
#.....# #..##. ...#
#..).# #S..#
#...)##g##.# ##...@.#
#.###########
##....###............
##........##########
##.......# #########


You could see a hobgoblin (very poisoned) and a ball python (poisoned).

Vanquished Creatures
  Terence (D:2)
  2 adders
  A dart slug (D:1)
  An orc (D:3)
  5 ball pythons
  5 endoplasms
  2 giant cockroaches (D:1)
  5 hobgoblins
  4 jackals
  6 kobolds
  3 quokkas (D:1)
  6 bats
  3 frilled lizards (D:2)
  7 goblins
  6 rats
57 creatures vanquished.

Notes
Turn   | Place    | Note
-------+----------+-------------------------------------------
     0 | D:1      | olmar the Naga Alchemist began the quest for the Orb.
     0 | D:1      | Reached XP level 1. HP: 15/15 MP: 3/3
   177 | D:1      | Reached skill level 4 in Alchemy
   177 | D:1      | Reached XP level 2. HP: 11/22 MP: 0/5
   573 | D:1      | Reached XP level 3. HP: 8/28 MP: 0/6
   670 | D:1      | Learned a level 3 spell: Mephitic Cloud
  1076 | D:1      | Found a faded altar of an unknown god.
  1587 | D:2      | Reached XP level 4. HP: 37/37 MP: 2/7
  1652 | D:2      | Noticed Terence
  1662 | D:2      | Killed Terence
  2066 | D:2      | Found Miubroje's Weapon Boutique.
  2225 | D:3      | Identified the +10 spear of Zin, Flying {flame, Stlth+}
  2233 | D:3      | Slain by a hobgoblin

Illustrated notes

Levels and vault maps discovered:
D:1:      minmay_arrival_hallway, layout_loops_ring,
          hellmonk_ecumenical_altar_defaced_shrine, dreamdust_mushroom_princess,
          minmay_misc_feat_encased, kennysheep_boxes
D:2:      minmay_evil_eye, layout_basic, serial_shops,
          nicolae_shop_bloodbath_and_beyond, nicolae_figureground_pulse,
          uniq_terence
D:3:      layout_loops_cross, minmay_vboxes, uniq_pargi

Skill      XL: |  1 |
---------------+----+-----
Alchemy        | 4 |  4.8
Fighting       | |  0.5
Dodging        | |  1.9
Stealth        | |  3.6
Spellcasting   | |  2.9
Conjurations   | |  1.7

Action                     |  1- 3 |  4- 6 || total
---------------------------+-------+-------++-------
  Melee: Unarmed           |    29 |       ||    29
   Cast: Sting             |    67 |    25 ||    92
Ability: Spit Poison       |    14 |     9 ||    23
    Use: Scroll            |       |     2 ||     2
 Armour: Robe              |    42 |     6 ||    48
  Dodge: Dodged            |    38 |     2 ||    40
